 Dungeon Crawl Stone Soup version 0.28-a0-1510-gd0f6b136d3 (webtiles) character file.

Game seed: 8930572841125814429

136 croobank the Digger (level 4, 0/33 HPs)
             Began as a Draconian Earth Elementalist on Jan 14, 2022.
             Slain by Pargi (1 damage)
             ... on level 4 of the Dungeon.
             The game lasted 00:22:43 (4175 turns).

croobank the Digger (Draconian Earth Elementalist)  Turns: 4175, Time: 00:22:44

Health: 0/33       AC:  7    Str: 10    XL:     4   Next: 98%
Magic:  8/8        EV: 12    Int: 15    God:
Gold:   122        SH:  3    Dex: 14    Spells: 7/8 levels left

rFire   + . .      SeeInvis .   a - +0 rapier
rCold   . . .      Faith    .   f - +0 buckler
rNeg    . . .      Spirit   .   (armour unavailable)
rPois   .          Reflect  .   (helmet restricted)
rElec   .          Harm     .   c - +0 cloak
rCorr   .          Rampage  .   d - +0 pair of gloves
Will    .....                   (no boots)
Stlth   +.........              (no amulet)
HPRegen 0.11/turn               (no ring)
MPRegen 0.11/turn               (no ring)

@: brilliant, on berserk cooldown, invisible, very slow
A: AC +5, unfitting armour, cold-blooded, fire resistance 1, no potion heal 1
a: no special abilities


You were on level 4 of the Dungeon.
You visited 1 branch of the dungeon, and saw 4 of its levels.
You also visited: Sewer.

You collected 122 gold pieces.

Inventory:

Hand Weapons
 a - a +0 rapier (weapon)
 b - a +0 hunting sling
Missiles
 g - 67 stones
 h - 10 poisoned darts
 i - 65 arrows
Armour
 c - a +0 cloak (worn)
 d - a +0 pair of gloves (worn)
 f - a +0 buckler (worn)
Jewellery
 e - an amulet of faith
Scrolls
 l - a scroll of enchant armour {unknown}
 m - a scroll of fear
 o - a scroll of magic mapping {unknown}
 p - a scroll of enchant weapon {unknown}
Potions
 n - a potion of resistance {unknown}
 q - a potion of brilliance
 r - a potion of mutation


   Skills:
 + Level 2.5 Dodging
 + Level 2.7 Stealth
 + Level 2.7 Spellcasting
 + Level 2.2 Transmutations
 + Level 3.6 Earth Magic


You had 7 spell levels left.
You knew the following spells:

 Your Spells              Type           Power      Damage    Failure   Level
a - Sandblast             Erth           38%        2d10      6%          1

Your spell library contained the following spells:

 Spells                   Type           Power      Damage    Failure   Level
 Passwall                 Tmut/Erth      13%        N/A       13%         2
 Pain                     Necr           12%        1d4       28%         1
 Slow                     Hex            12%        N/A       28%         1
 Stone Arrow              Conj/Erth      22%        3d8       36%         3
 Confusing Touch          Hex            3%         N/A       63%         3
 Vampiric Draining        Necr           3%         2d6       63%         3
 Petrify                  Tmut/Erth      16%        N/A       63%         4


Dungeon Overview and Level Annotations

Branches:
Dungeon (4/15)              Sewer (visited)
 Temple: D:4-7

Altars:

Annotations:
D:4 Pargi


Innate Abilities, Weirdness & Mutations

Your plain brown scales are hard. (AC +5)
You cannot fit into any form of body armour.
You are cold-blooded and may be slowed by cold attacks.
Your flesh is heat resistant. (rF+)
Potions are less effective at restoring your health.


Message History

As you read the scroll of fear, it crumbles to dust.
You assume a fearsome visage.
The adder looks frightened!
Pargi looks frightened!
You enter the shallow water.
Moving in this stuff is going to be slow.
You enter the shallow water.
Moving in this stuff is going to be slow.
Why would you want to do that?
You enter the shallow water.
Moving in this stuff is going to be slow.
You feel yourself speed up.
There is a gate leading back out of this place here.
Press: ? - help, v - describe, . - travel A gate leading back out of this place.
You fade into invisibility!
Pargi closely misses you. x2; Pargi claws you.
* * * LOW HITPOINT WARNING * * *
Pargi closely misses you. You block Pargi's attack.
Pargi claws you but does no damage.
Welcome back to the Dungeon!
You hear the hiss of flowing sand.
There is an entrance to an ossuary on this level.
Hurry and find it before the portal is buried!
You hear the brisk hiss of a very distant avalanche of sand.
There is a collapsed entrance here.
You enter the shallow water.
Moving in this stuff is going to be slow. ...and don't expect to remain undetected.
Pargi hisses, "I bite!"
Pargi bites you.
* * * LOW HITPOINT WARNING * * *
Pargi claws you.
* * * LOW HITPOINT WARNING * * *
Pargi closely misses you. You block Pargi's attack. x2
Pargi claws you but does no damage.
It was a potion of brilliance.
You feel clever all of a sudden. Pargi bites you.
* * * LOW HITPOINT WARNING * * *
Pargi claws you but does no damage. Pargi claws you.
You die...

#...#.......#
#...........#
#...........# #
#..#.#####..##..
#....#≈≈≈#..$...
#....#≈≈≈#......
#....#≈.≈#......
#....#≈T≈#......
#..#.#≈≈@#.###..
#..#.##+##.#
#..........#
#....#.....#
#######'######
#........#
#........#
#........+
######........#


You could see Pargi.

Vanquished Creatures
  Robin (D:3)
  3 adders
  3 dart slugs
  5 orcs
  An endoplasm (D:1)
  4 giant cockroaches
  18 goblins
  7 hobgoblins
  7 jackals
  7 kobolds
  2 quokkas (D:1)
  6 ball pythons
  6 bats
  6 frilled lizards
  5 rats
81 creatures vanquished.

Vanquished Creatures (others)
  2 fungi (D:1)
  6 plants (D:3)
8 creatures vanquished.

Grand Total: 89 creatures vanquished

Notes
Turn   | Place    | Note
-------+----------+-------------------------------------------
     0 | D:1      | croobank the Draconian Earth Elementalist began the quest
                  | for the Orb.
     0 | D:1      | Reached XP level 1. HP: 14/14 MP: 3/3
   401 | D:1      | Reached XP level 2. HP: 20/20 MP: 3/5
   791 | D:1      | Found a faded altar of an unknown god.
   799 | D:1      | Got Plato's Collected Works on Necromancy
  1137 | D:1      | Reached XP level 3. HP: 21/26 MP: 3/6
  2214 | D:2      | Reached XP level 4. HP: 32/33 MP: 7/7
  2760 | D:3      | Noticed Robin
  3186 | D:3      | Gained mutation: Potions are less effective at restoring
                  | your health. [potion of mutation]
  3186 | D:3      | Gained mutation: Your flesh is heat resistant. (rF+)
                  | [potion of mutation]
  3221 | D:3      | Killed Robin
  3861 | D:4      | Found a glowing drain.
  3899 | Sewer    | Entered a sewer
  4134 | Sewer    | Noticed Pargi
  4175 | D:4      | HP: 1/33 [Pargi (3)]
  4175 | D:4      | Slain by Pargi

Illustrated notes

Levels and vault maps discovered:
D:1:      minmay_arrival_doors, layout_basic,
          shapermc_ecumenical_altar_rom_forum, chequers_serial_rivers_small_b,
          minmay_misc_feat_iff
D:2:      layout_basic
D:3:      layout_rooms, guppyfry_early_lair_pool, uniq_robin
D:4:      layout_gridville, chequers_ossuary_entry_cave, gup_sewer_entry_glass,
          uniq_blork_the_orc

Skill      XL: |  1  2  3  4 |
---------------+-------------+-----
Stealth        | 2 |  2.7
Dodging        | 2 |  2.5
Transmutations | 2 |  2.2
Spellcasting   | |  2.7
Earth Magic    | |  3.6

Action                   |  1- 3 |  4- 6 || total
-------------------------+-------+-------++-------
Melee: Unarmed           |   218 |    61 ||   279
       Tailslap          |    31 |    25 ||    56
       Punch             |     2 |       ||     2
       Rapier            |       |   124 ||   124
 Fire: Hunting sling     |       |     4 ||     4
 Cast: Sandblast         |    32 |       ||    32
  Use: Scroll            |       |     6 ||     6
       Potion            |       |     5 ||     5
 Stab: Sleeping          |     2 |     1 ||     3
Armor: Skin              |   105 |   117 ||   222
Dodge: Dodged            |   154 |   196 ||   350
Block: Buckler           |    21 |    49 ||    70

Table legend: (Time is in decaauts)
 A = Elapsed time spent in this place.
 B = Non-inter-level travel time spent in this place.
 C = Inter-level travel time spent in this place.
 D = Time resting spent in this place.
 E = Time spent auto-exploring this place.
 F = Levels seen in this place.
 G = Mean time per level.
                   A        B        C        D        E       F      G
               +--------+--------+--------+--------+--------+-----+--------+
         Total |   4263 |   4147 |    116 |    602 |   2016 |   5 |  852.6 |
       Dungeon |   3944 |   3828 |    116 |    464 |   1999 |   4 |  986.0 |
         Sewer |    318 |    318 |      0 |    138 |     17 |   1 |  318.0 |
               +--------+--------+--------+--------+--------+-----+--------+

Top non-repeatable levels by time:
     D:1: 1550 daAuts
     D:2: 1200 daAuts
     D:3: 1125 daAuts
   Sewer: 318 daAuts
     D:4: 68 daAuts
